Description

Personal USE ONLY

Replay - New TVT BO Bio

Build Order

Get SALT Encoding   

  12  0:02  SCV  
  13  0:14  SCV  
  13  0:18  Supply Depot  
  14  0:27  SCV  
  15  0:28  Refinery  
  15  0:40  SCV  
  16  0:45  Barracks  
  16  0:52  SCV  
  16  0:56  Refinery  
  17  1:04  SCV  
  18  1:16  SCV  
  19  1:31  Orbital Command  
  19  1:34  Factory  
  19  1:38  Reaper  
  20  1:47  Supply Depot  
  20  1:56  SCV  
  21  2:10  Reaper  
  21  2:15  SCV  
  23  2:23  Command Center  
  25  2:30  Hellion  
  25  2:32  SCV  
  26  2:43  Supply Depot  
  30  2:51  Cyclone  
  30  3:04  Starport  
  31  3:06  Barracks Tech Lab  
  31  3:12  Supply Depot  
  32  3:27  Factory Tech Lab  
  33  3:35  Orbital Command, Refinery  
  33  3:47  Raven  
  35  3:52  Marine  
  36  3:57  Supply Depot  
  36  4:01  Siege Tank  
  43  4:25  Command Center  
  44  4:33  Siege Tank  
  48  4:39  Marine  
  48  5:00  Marine  
  48  5:03  Starport Reactor  
  48  5:05  Barracks x2  
  50  5:09  Refinery  
  55  5:23  Engineering Bay x2  
Spawning Tool Build Advisor. Get it on Overwolf

Go to:

Details

  • Created by: SpaceMarine
  • Published on: Jul 11, 2018
  • Modified on: Jul 11, 2018
  • Patch: 4.0.0
Show
View Real Time Build Order
Export as new Build Order

Comments (0)

There are no comments. Be the first!

Create an account to comment!